 Dungeon Crawl Stone Soup version 0.17-a0-1115-g0372368 (console) character file.

36 Monkaria the Skirmisher (level 3, -2/30 HPs)
             Began as a Demonspawn Chaos Knight on May 23, 2015.
             Slain by Natasha (4 damage)
             ... on level 2 of the Dungeon.
             The game lasted 00:01:46 (969 turns).

Monkaria the Skirmisher (Demonspawn Chaos Knight)    Turns: 969, Time: 00:01:46

Health: -2/30      AC:  6    Str: 13    XL:     3   Next: 19%
Magic:  3/3        EV: 11    Int: 13    God:    Xom [..*...]
Gold:   125        SH:  0    Dex: 12    Spells: 0 memorised, 2 levels left

rFire  . . .     SeeInvis .     a - +0 falchion (chaos)
rCold  . . .     Clarity  .     b - +2 leather armour
rNeg   . . .     SustAt   .     (no shield)
rPois  .         Gourm    .     (helmet restricted)
rElec  .         Spirit   .     e - +0 cloak
rCorr  .         Warding  .     (no gloves)
rMut   .         Stasis   .     (no boots)
MR     .....                    (no amulet)
Stlth  +.........               (no ring)
                                (no ring)

@: not resistant to hostile enchantments, very unstealthy
A: antennae 1, rot immunity
a: Renounce Religion


You were on level 2 of the Dungeon.
You worshipped Xom.
You were a toy of Xom.
You were not hungry.

You visited 1 branch of the dungeon, and saw 2 of its levels.

You collected 125 gold pieces.

Inventory:

Hand weapons
 a - a +0 falchion of chaos (weapon)
Armour
 b - a +2 leather armour (worn)
 e - a +0 cloak (worn)
Scrolls
 d - 2 scrolls of immolation {unknown}
 g - 2 scrolls of remove curse {unknown}
 h - a scroll of noise {unknown}
 j - 2 scrolls of teleportation {unknown}
 l - 2 scrolls of amnesia {unknown}
 m - a scroll of identify {unknown}
Comestibles
 c - 2 bread rations
 k - a meat ration


   Skills:
 - Level 4.0 Fighting
 - Level 2.6 Long Blades
 - Level 1.7 Armour
 - Level 0.8 Dodging
 + Level 1.2 Unarmed Combat


You had 2 spell levels left.
You didn't know any spells.

Dungeon Overview and Level Annotations

Branches:
Dungeon (2/15)

Altars:

Annotations:
D:2 Natasha


Innate Abilities, Weirdness & Mutations

You have a pair of small antennae on your head.
You are immune to rotting.


Message History

Natasha zaps a wand.
You feel as though you will be slow longer.
Natasha claws you but does no damage.
You barely miss Natasha.
Natasha is moderately wounded. "Serve the toy, my child!"
Natasha mumbles some strange words.
Natasha completely misses your butterfly.
Unknown command.
You barely miss Natasha.
Natasha is moderately wounded.
Your butterfly disappears in a puff of smoke!
The shadow imp closely misses you.
Your crimson imp completely misses the shadow imp.
Drink which item? (? for menu, Esc to quit)
Your magical effects are unravelling.
You feel magically purged.
You feel yourself speed up. Natasha claws you.
You die...

#........ ** +........
, #........ * *,
#....... ###*,
##.....# #.. * ##...##
#.# ,#########'##
#.###5##.##.....##.###
#..bh@.b.##.##.......#
#####5#####.##.#####.#
#5.........# #.#
#######....# #..
###..# #.# #..#####.#
##.......# #########


You could see Natasha, a crimson imp, a shadow imp and a friendly crimson imp.

Vanquished Creatures
  An ooze (D:2)
  2 ball pythons (D:1)
  5 bats
  4 goblins
  3 hobgoblins (D:1)
  4 jackals (D:2)
  2 kobolds
  3 giant cockroaches
  4 giant newts
  2 rats (D:1)
30 creatures vanquished.

Vanquished Creatures (others)
  2 butterflies (D:2)
2 creatures vanquished.

Grand Total: 32 creatures vanquished

Notes
Turn   | Place    | Note
--------------------------------------------------------------
     0 | D:1      | Monkaria the Demonspawn Chaos Knight began the quest for the Orb.
     0 | D:1      | Reached XP level 1. HP: 18/18 MP: 1/1
   219 | D:1      | Gained mutation: You have a pair of small antennae on your head. [demonic ancestry]
   219 | D:1      | Reached XP level 2. HP: 24/24 MP: 2/2
   662 | D:2      | Reached skill level 4 in Fighting
   671 | D:2      | XOM: enchant monster (good)
   729 | D:2      | Gained mutation: You are immune to rotting. [demonic ancestry]
   729 | D:2      | Reached XP level 3. HP: 26/30 MP: 3/3
   755 | D:2      | Reached skill level 1 in Unarmed Combat
   828 | D:2      | XOM: noise
   935 | D:2      | XOM: divination: magic mapping
   954 | D:2      | Noticed Natasha
   958 | D:2      | XOM: butterfly on damage
   967 | D:2      | XOM: summons friendly crimson imp
   969 | D:2      | Slain by Natasha

Vault maps used:
D:1:      onia_arrival_mini_spirals
D:2:      uniq_natasha

Action                   || total
-------------------------++-------
Melee: Falchion          ||   103
  Use: Potion            ||     3
 Stab: Petrified         ||     2
       Petrifying        ||     1
       Confused          ||     1
